 Dungeon Crawl Stone Soup version 0.31-a0-5-g84e6b3452c (webtiles) character file.

Game seed: 8857657439969154862

2174 Bnni the Slicer (level 9, 0/49 HPs)
             Began as a Vine Stalker Fighter on May 5, 2023.
             Slain by a two-headed ogre
             ... wielding a +0 giant club
              (16 damage)
             ... on level 7 of the Dungeon.
             The game lasted 00:07:31 (5859 turns).

Bnni the Slicer (Vine Stalker Fighter)              Turns: 5859, Time: 00:07:31

Health: 0/49       AC: 12    Str: 20    XL:     9   Next: 32%
Magic:  0/10       EV: 12    Int:  8    God:
Gold:   326        SH:  5    Dex: 17    Spells: 8/8 levels left

rFire   . . .        a - +0 dagger (venom)
rCold   . . .        c - +0 buckler
rNeg    . . .        L - +0 chain mail
rPois   .            p - +0 helmet
rElec   .            (no cloak)
rCorr   .            o - +0 pair of gloves
SInv    +            I - +0 pair of boots
Will    +....        (no amulet) Stlth
                     i - +5 ring of evasion
HPRegen 1.08/turn    B - ring of see invisible
MPRegen 0.12/turn

%: guardian spirit
@: no status effects
A: fangs 3, regeneration 1, magic shield, antimagic bite, no potion heal 2
a: no special abilities


You were on level 7 of the Dungeon.
You visited 1 branch of the dungeon, and saw 7 of its levels.
You also visited: Sewer.

You collected 326 gold pieces.

Inventory:

Hand Weapons
 a - a +0 dagger of venom (weapon)
 s - a +3 short sword of holy wrath
Missiles
 u - 21 poisoned darts (quivered)
Armour
 c - a +0 buckler (worn)
 o - a +0 pair of gloves (worn)
 p - a +0 helmet (worn)
 I - a +0 pair of boots (worn)
 L - a +0 chain mail (worn)
Jewellery
 f - a ring of positive energy
 i - a +5 ring of evasion (left hand)
 B - a ring of see invisible (right hand)
Wands
 y - a wand of paralysis (13)
 N - a wand of mindburst (13)
Scrolls
 b - 2 scrolls of amnesia {unknown}
 e - 5 scrolls of enchant armour {unknown}
 g - a scroll of noise {unknown}
 l - 3 scrolls of fog {unknown}
 n - a scroll of poison {unknown}
 q - 2 scrolls of acquirement {unknown}
 r - 2 scrolls of fear {unknown}
 x - 2 scrolls of immolation
 A - a scroll of blinking
 C - a scroll of magic mapping
 D - 3 scrolls of teleportation
 F - a scroll of vulnerability
 M - a scroll of brand weapon {unknown}
Potions
 d - 2 potions of might
 h - 4 potions of mutation
 j - 6 potions of curing
 k - a potion of berserk rage {unknown}
 m - a potion of invisibility {unknown}
 v - 4 potions of haste {unknown}
 w - 2 potions of cancellation {unknown}
 z - a potion of flight {unknown}
 E - a potion of heal wounds {unknown}
 G - 2 potions of ambrosia {unknown}
 H - 3 potions of lignification {unknown}
 J - a potion of attraction {unknown}
 K - a potion of magic {unknown}


   Skills:
 + Level 6.8 Fighting
 * Level 8.9 Short Blades
 - Level 2.4 Armour
 - Level 4.0 Shields


You had 8 spell levels left.
You didn't know any spells.
Your spell library contained the following spells:

 Spells                   Type           Power      Damage    Failure   Level
 Magic Dart               Conj           0%         1d3       99%         1
 Call Imp                 Summ           0%         N/A       100%        2
 Call Canine Familiar     Summ           0%         N/A       100%        3
 Frozen Ramparts          Ice            0%         1d1       100%        3
 Mephitic Cloud           Conj/Pois/Air  0%         N/A       100%        3
 Portal Projectile        Hex/Tloc       0%         N/A       100%        3
 Stone Arrow              Conj/Erth      0%         3d7       100%        3
 Animate Armour           Summ/Erth      0%         N/A       100%        4
 Ice Form                 Ice/Tmut       0%         N/A       100%        4
 Leda's Liquefaction      Hex/Erth       0%         N/A       100%        4
 Summon Ice Beast         Ice/Summ       0%         N/A       100%        4
 Lehudib's Crystal Spear  Conj/Erth      0%         10d2      100%        8


Dungeon Overview and Level Annotations

Branches:
Dungeon (7/15)              Sewer (visited)
 Temple: D:4-7

Altars:
Cheibriados
Kikubaaqudgha
The Shining One

Shops:
D:5 =


Innate Abilities, Weirdness & Mutations

You have razor-sharp teeth.
Your natural rate of healing is unusually fast.
When hurt, damage is shared between your health and your magic reserves.
Your bite disrupts and absorbs the magic of your enemies.
Potions cannot restore your health.


Message History

You barely miss the two-headed ogre. You bite the two-headed ogre.
You drain its power.
You feel invigorated.
The two-headed ogre is moderately wounded.
You hit the two-headed ogre.
The two-headed ogre looks as sick as possible!
Your bite misses the two-headed ogre.
The two-headed ogre is moderately wounded.
You hit the two-headed ogre but do no damage.
The two-headed ogre looks as sick as possible!
You bite the two-headed ogre. You drain its power.
The two-headed ogre is moderately wounded.
The two-headed ogre hits you with a +0 giant club!!
You block the two-headed ogre's attack.
You hit the two-headed ogre but do no damage.
The two-headed ogre is moderately wounded.
You hit the two-headed ogre.
The two-headed ogre looks as sick as possible!
The two-headed ogre is moderately wounded.
You hit the two-headed ogre but do no damage.
The two-headed ogre looks as sick as possible!
The two-headed ogre is moderately wounded.
The two-headed ogre hits you with a +0 giant club!
* * * LOW HITPOINT WARNING * * *
The two-headed ogre hits you but does no damage.
Throw: 2 darts (curare)
Press: ? - help, Shift-Dir - straight line, f - two-headed ogre
Aim: a two-headed ogre, wielding a +0 giant club and a +0 giant spiked club (moderately wounded, extremely poisoned, 77% to hit)
You throw a curare-tipped dart.
The curare-tipped dart barely misses the two-headed ogre.
Throw: dart (curare)
Press: ? - help, Shift-Dir - straight line, f/p - two-headed ogre
Aim: a two-headed ogre, wielding a +0 giant club and a +0 giant spiked club (moderately wounded, extremely poisoned, 77% to hit)
You throw a curare-tipped dart.
The curare-tipped dart hits the two-headed ogre.
The two-headed ogre looks as sick as possible!
The two-headed ogre convulses.
The two-headed ogre seems to slow down.
The two-headed ogre is heavily wounded.
The two-headed ogre hits you with a +0 giant club!!
You die...

# ..(. # ..>####### #
#......... # ##...../...
............
#.##......... #
#.##.O.....(.
############.##.@.......
.)........##.##.........
...........#.###.###.###
...#######.#.# #.# #
...# #...###.### )..#
##........# ...#
##.....#.##.#.# ...#
p#._..##.##.#.# )..#
##.... #..#.#.#


You could see a two-headed ogre (extremely poisoned, slow).

Vanquished Creatures
  An orc warrior (D:6)
  2 ice beasts (D:6)
  A black bear (D:6)
  A sky beast (D:7)
  3 ogres
  A centaur (D:5)
  6 kobold brigands (Sewer)
  A bullfrog (D:6)
  2 scorpions (D:6)
  3 wights (D:7)
  An electric eel (D:7)
  An orc priest (D:6)
  4 hounds
  2 jellies
  An iron imp (D:4)
  5 iguanas (D:5)
  2 sleepcaps (D:6)
  3 gnolls (D:4)
  3 adders
  A shadow imp (D:6)
  An ufetubus (D:5)
  6 worms
  5 dart slugs
  4 orcs
  15 ball pythons
  10 endoplasms
  2 giant cockroaches
  8 goblins
  3 hobgoblins
  4 jackals (D:4)
  17 kobolds
  5 quokkas
  3 bats
  2 frilled lizards
  9 rats
138 creatures vanquished.

Notes
Turn   | Place    | Note
-------+----------+-------------------------------------------
     0 | D:1      | Bnni the Vine Stalker Fighter began the quest for the Orb.
     0 | D:1      | Reached XP level 1. HP: 11/11 MP: 2/2
    69 | D:1      | Reached skill level 2 in Short Blades
   106 | D:1      | Reached XP level 2. HP: 12/16 MP: 3/3
   435 | D:1      | Reached XP level 3. HP: 19/19 MP: 4/4
  1032 | D:2      | You fall into a shaft and drop 2 floors!
  1304 | D:4      | Found a snail-covered altar of Cheibriados.
  1324 | D:4      | Gained mutation: Your natural rate of healing is unusually
                  | fast. [Vine Stalker growth]
  1324 | D:4      | Reached XP level 4. HP: 15/24 MP: 3/5
  1364 | D:4      | Reached skill level 3 in Short Blades
  1418 | D:4      | Reached XP level 5. HP: 28/28 MP: 6/6
  1433 | D:4      | Found a glowing drain.
  1442 | Sewer    | Entered a sewer
  1500 | Sewer    | Noticed a kobold brigand
  1523 | Sewer    | Killed a kobold brigand
  1559 | Sewer    | Noticed a kobold brigand
  1578 | Sewer    | Killed a kobold brigand
  1579 | Sewer    | Reached skill level 4 in Short Blades
  1579 | Sewer    | Reached XP level 6. HP: 32/33 MP: 7/7
  1788 | Sewer    | Reached skill level 5 in Short Blades
  1788 | Sewer    | Reached XP level 7. HP: 38/38 MP: 6/8
  3829 | D:5      | Entered Level 5 of the Dungeon
  4119 | D:5      | Found a glowing golden altar of the Shining One.
  4146 | D:5      | Reached skill level 5 in Fighting
  4146 | D:5      | Reached skill level 6 in Short Blades
  4245 | D:5      | Found Lirefath's Jewellery Emporium.
  4426 | D:5      | Gained mutation: You have razor-sharp teeth. [Vine Stalker
                  | growth]
  4426 | D:5      | Reached XP level 8. HP: 38/43 MP: 6/9
  4845 | D:6      | Reached skill level 7 in Short Blades
  5082 | D:6      | Reached skill level 8 in Short Blades
  5082 | D:6      | Reached XP level 9. HP: 29/48 MP: 7/10
  5613 | D:7      | Identified the +8 halberd of Winter {protect, rC+ Int+2
                  | Stlth-}
  5795 | D:7      | Found an ancient bone altar of Kikubaaqudgha.
  5846 | D:7      | Noticed a two-headed ogre
  5859 | D:7      | Slain by a two-headed ogre

Illustrated notes

Levels and vault maps discovered:
D:1:      minmay_arrival_checkered_box, layout_basic, minmay_close_crescents
D:2:      layout_loops_ring, grunt_ministairs_5
D:3:      layout_basic, st_stairs_8
D:4:      layout_loops_ring, slow_altar_1, cheibrodos_sewer_entry_bend
D:5:      layout_basic, tso_altar, serial_shops, nicolae_shop_waterfront
D:6:      layout_basic, minmay_quadrilaterals
D:7:      layout_basic, tgw_kikubaaqudgha, minmay_temple_entry_hall,
          serial_bayou_pond_b, corexii_item_surrounded_by_moat,
          chequers_serial_rivers_small_a, uniq_pikel, uniq_crazy_yiuf_cottage

Skill      XL: |  1  2  3  4  5  6  7  8 |
---------------+-------------------------+-----
Short Blades   | 2 3 4 5 6 8 |  8.9
Shields        | 3 4 |  4.0
Fighting       | 3 4 5 6 |  6.8
Armour         | |  2.4

Action                     |  1- 3 |  4- 6 |  7- 9 || total
---------------------------+-------+-------+-------++-------
  Melee: Rapier            |   108 |    25 |       ||   133
         Bite              |    24 |    32 |   123 ||   179
         Short sword       |       |   121 |    79 ||   200
         Dagger            |       |       |   291 ||   291
  Throw: Dart              |       |       |     2 ||     2
    Use: Scroll            |       |       |     7 ||     7
 Armour: Scale mail        |    33 |    29 |    51 ||   113
         Chain mail        |       |       |    20 ||    20
  Dodge: Dodged            |    48 |    51 |   139 ||   238
  Block: Buckler           |    20 |    19 |    58 ||    97

Table legend: (Time is in decaauts)
 A = Elapsed time spent in this place.
 B = Non-inter-level travel time spent in this place.
 C = Inter-level travel time spent in this place.
 D = Time resting spent in this place.
 E = Time spent auto-exploring this place.
 F = Levels seen in this place.
 G = Mean time per level.
                   A        B        C        D        E       F      G
               +--------+--------+--------+--------+--------+-----+--------+
         Total |   5896 |   5783 |    113 |    102 |   4477 |   8 |  737.0 |
       Dungeon |   5122 |   5009 |    113 |    102 |   3974 |   7 |  731.7 |
         Sewer |    774 |    774 |      0 |      0 |    503 |   1 |  774.0 |
               +--------+--------+--------+--------+--------+-----+--------+

Top non-repeatable levels by time:
     D:5: 930 daAuts
     D:1: 873 daAuts
     D:4: 819 daAuts
   Sewer: 774 daAuts
     D:2: 770 daAuts
     D:6: 751 daAuts
     D:3: 716 daAuts
     D:7: 261 daAuts
